 Dungeon Crawl Stone Soup version 0.31.0-10-gcf4a605ca0 (webtiles) character file.

Game seed: 3840428577075980228

11 RancidPinata the Sneak (level 2, 0/19 HPs)
             Began as a Gargoyle Delver on Jan 25, 2024.
             Slain by an orc wizard
             ... wielding a +0 dagger
              (1 damage)
             ... on level 8 of the Dungeon.
             The game lasted 00:02:37 (365 turns).

RancidPinata the Sneak (Gargoyle Delver)             Turns: 365, Time: 00:02:37

Health: 0/19       AC:  5    Str: 15    XL:     2   Next: 25%
Magic:  11/11      EV: 11    Int: 10    God:
Gold:   12         SH:  0    Dex: 11    Spells: 1/1 levels left

rFire   + . .        a - +0 mace
rCold   + . .        (no shield)
rNeg    + . .        b - +0 leather armour
rPois   ∞            (no helmet)
rElec   +            (no cloak)
rCorr   +            (no gloves)
SInv    .            (no boots)
Will    .....        (no amulet)
Stlth   +++          j - ring of magical power
HPRegen 0.23/turn    (no ring)
MPRegen 0.12/turn

%: no passive effects
@: resistant
A: sickness immunity, AC +2, negative energy resistance 1, electricity
resistance, torment resistance 1, petrification resistance
a: no special abilities


You were on level 8 of the Dungeon.
You visited 1 branch of the dungeon, and saw 5 of its levels.

You collected 12 gold pieces.

Inventory:

Hand Weapons
 a - a +0 mace (weapon)
Missiles
 h - 6 stones (quivered)
 i - 2 poisoned darts
Armour
 b - a +0 leather armour (worn)
Jewellery
 j - a ring of magical power (left hand)
Wands
 g - a wand of digging (3)
Scrolls
 c - a scroll of fog
 d - 2 scrolls of revelation
 e - a scroll of fear
 k - a scroll of blinking {unknown}
Potions
 f - a potion of haste


   Skills:
 * Level 3.5 Fighting
 + Level 2.1 Maces & Flails
 * Level 0.8 Armour
 + Level 1.7 Dodging
 + Level 5.5 Stealth


You had one spell level left.
You didn't know any spells.
Your spell library was empty.

Dungeon Overview and Level Annotations

Branches:
Dungeon (9/15)
 Temple: D:4-7         Lair: D:8-11         Orc: D:9-12

Altars:
Hepliaklqana


Innate Abilities, Weirdness & Mutations

You are immune to sickness and miasma.
Your stone body is resilient. (AC +2)
You are immune to poison.
You resist negative energy. (rN+)
You are resistant to electric shocks. (rElec)
You are resistant to unholy torment.
You are immune to petrification.


Message History

The orc wizard hits you with a +0 dagger.
You hit the orc wizard.
The orc wizard is severely wounded.
The orc wizard gestures at you while chanting.
The magic dart hits you.
You barely miss the orc wizard.
The orc wizard is severely wounded.
The orc wizard barely misses you. x2
You closely miss the orc wizard.
The orc wizard is severely wounded.
The orc wizard hits you but does no damage.
You hit the orc wizard.
The orc wizard is almost dead.
The orc wizard closely misses you.
You closely miss the orc wizard.
The orc wizard is almost dead.
The orc wizard hits you with a +0 dagger.
The orc wizard gestures at you while chanting.
The puff of flame hits you.
* * * LOW HITPOINT WARNING * * *
You hit the orc wizard but do no damage.
The orc wizard is severely wounded.
The orc wizard casts a spell at you.
You are confused.
You closely miss the orc wizard.
The orc wizard is severely wounded.
The orc wizard mumbles some strange words.
The orc wizard flickers and vanishes!
Deactivating autopickup; reactivate with Ctrl-A.
It was a potion of resistance.
You feel protected.
You hear some strange, mumbled words.
Something tries to affect you, but you resist.
You barely miss something. Something hits you but does no damage.
You miss something.
You feel less confused. Something hits you.
* * * LOW HITPOINT WARNING * * *
Something hits you.
You die...

.#.# .#.#. ..#.#.. ... ...#...
#..... #...#...# .......
##...#...## #........
.######....#....#####.........
................<..............
................@..............
......<........................
...............................
...............................
...............................
...............................
................................
.................................
.................................


There were no monsters in sight!

Vanquished Creatures
  A white imp (D:7)
  2 orcs (D:7)
3 creatures vanquished.

Notes
Turn   | Place    | Note
-------+----------+-------------------------------------------
     0 | D:5      | RancidPinata the Gargoyle Delver began the quest for the
                  | Orb.
     0 | D:5      | Reached XP level 1. HP: 14/14 MP: 1/1
    24 | D:6      | Noticed a howler monkey
    48 | D:6      | Noticed an ice beast
    69 | D:6      | Found a hazy altar of Hepliaklqana.
   117 | D:7      | Reached XP level 2. HP: 16/19 MP: 2/2
   333 | D:9      | Noticed a killer bee
   334 | D:9      | Noticed a killer bee
   334 | D:9      | Noticed a killer bee
   334 | D:9      | Noticed a killer bee
   365 | D:8      | Slain by an orc wizard

Illustrated notes

Levels and vault maps discovered:
D:5:      layout_loops_ring, uniq_menkaure
D:6:      layout_loops_ring, nicolae_hepliaklqana_hazy_memory,
          mainiacjoe_overflow_catwalk
D:7:      layout_loops_corners, mainiacjoe_overflow_24_doors, uniq_pikel,
          uniq_duvessa
D:8:      layout_layer_cave, serial_shops, nicolae_shop_window_shopping,
          minmay_puff
D:9:      layout_cave_pools, grunt_temple_overflow_order_and_chaos_1,
          nicolae_ru_great_annihilating_truth, ebering_ghost_xom

Action                     || total
---------------------------++-------
  Melee: Mace              ||    26
    Use: Potion            ||     1
 Armour: Leather armour    ||    23
  Dodge: Dodged            ||    10
